 Dungeon Crawl Stone Soup version 0.31-a0-1321-g5021b54cb2 (webtiles) character file.

Game seed: 18200019820215293212

2 dialectric the Sneak (level 1, -3/20 HPs)
             Began as a Minotaur Delver on Dec 20, 2023.
             Slain by Grinder (10 damage)
             ... on level 5 of the Dungeon.
             The game lasted 00:00:19 (55 turns).

dialectric the Sneak (Minotaur Delver)                Turns: 55, Time: 00:00:20

Health: -3/20      AC:  3    Str: 16    XL:     1   Next: 25%
Magic:  0/0        EV: 11    Int:  7    God:
Gold:   6          SH:  0    Dex: 11    Spells: 0/0 levels left

rFire   . . .        a - +0 mace
rCold   . . .        (no shield)
rNeg    . . .        b - +0 leather armour
rPois   .            (helmet restricted)
rElec   .            (no cloak)
rCorr   .            (no gloves)
SInv    .            (no boots)
Will    .....        (no amulet)
Stlth   ++           (no ring)
HPRegen 0.23/turn    (no ring)
MPRegen 0.07/turn

%: no passive effects
@: no status effects
A: horns 2, retaliatory headbutt
a: no special abilities


You were on level 5 of the Dungeon.
You visited 1 branch of the dungeon, and saw 1 of its levels.

You collected 6 gold pieces.

Inventory:

Hand Weapons
 a - a +0 mace (weapon)
Armour
 b - a +0 leather armour (worn)
Wands
 g - a wand of digging (3)
Scrolls
 c - a scroll of fog
 d - a scroll of revelation
 e - a scroll of fear
Potions
 f - a potion of haste


   Skills:
 + Level 3.6 Fighting
 + Level 2.5 Maces & Flails
 + Level 2.2 Dodging
 + Level 4.1 Stealth


You couldn't memorise any spells.
You didn't know any spells.
Your spell library was empty.

Dungeon Overview and Level Annotations

Branches:
Dungeon (5/15)
 Temple: D:4-7

Altars:

Annotations:
D:5 Grinder


Innate Abilities, Weirdness & Mutations

You have a pair of horns on your head.
You reflexively headbutt those who attack you in melee.


Message History

Welcome, dialectric the Minotaur Delver.
Are you destined to find the sublime Orb of Zot, or to die trying?
Press ? for a list of commands and other information.
Found a stone staircase leading down.
Found a leather armour.
Found 6 gold pieces.
You now have 6 gold pieces.
Grinder and an orc come into view.
Grinder blinks!
Grinder moves out of view.
The orc shouts!
Grinder blinks!
You thump the orc!
The orc is almost dead.
The orc barely misses you. x2
You hit the orc.
You kill the orc!
You see here a +0 dagger.
You open the door.
There is an open door here.
Grinder gestures at you.
You barely resist.
There's nothing to close nearby.
You close the door.
Okay, then.
Grinder shouts!
Grinder blinks!
Grinder blinks!
Grinder hits you.
You writhe in agony.
You hit Grinder but do no damage. Grinder hits you.
* * * LOW HITPOINT WARNING * * *
Unknown command.
You hit Grinder. You headbutt Grinder.
Grinder is lightly wounded.
Grinder hits you!
Ouch! That really hurt!
You die...
Grinder sighs, "Dead already?
I want a refund."

#.#....#.#.# #....
...#......#.###.....#
#####...##...........#
#................#
###########...o.###....
#...........###..##...
#...........####..#.#
#...........+.5)....###
#.....@.....#####>.....
#....5......# #######
#...........#
#...........#
#############


You could see Grinder.

Vanquished Creatures
  An orc (D:5)
1 creature vanquished.

Notes
Turn   | Place    | Note
-------+----------+-------------------------------------------
     0 | D:5      | dialectric the Minotaur Delver began the quest for the Orb.
     0 | D:5      | Reached XP level 1. HP: 19/19 MP: 0/0
    14 | D:5      | Noticed Grinder
    55 | D:5      | Slain by Grinder

Illustrated notes

Levels and vault maps discovered:
D:5:      layout_basic, uniq_duvessa, uniq_grinder

Action                     || total
---------------------------++-------
  Melee: Mace              ||     4
         Headbutt          ||     1
 Armour: Leather armour    ||     3
  Dodge: Dodged            ||     2

Table legend: (Time is in decaauts)
 A = Elapsed time spent in this place.
 B = Non-inter-level travel time spent in this place.
 C = Inter-level travel time spent in this place.
 D = Time resting spent in this place.
 E = Time spent auto-exploring this place.
 F = Levels seen in this place.
 G = Mean time per level.
                   A        B        C        D        E       F      G
               +--------+--------+--------+--------+--------+-----+--------+
         Total |     55 |     55 |      0 |      0 |      0 |   1 |   55.0 |
       Dungeon |     55 |     55 |      0 |      0 |      0 |   1 |   55.0 |
               +--------+--------+--------+--------+--------+-----+--------+

Top non-repeatable levels by time:
     D:5: 55 daAuts
